Connexion

COLORADO Avalanche vs SEATTLE Kraken

Created - 14 mars 2024 at 05:54

Goals
1 2 3 T
COLORADO Avalanche 1 1 1 3
SEATTLE Kraken 2 0 0 2
Shots
1 2 3 T
COLORADO Avalanche 7 9 9 25
SEATTLE Kraken 13 9 10 32

GoalsPenalties
1st period
1. SEATTLE Kraken , Julien Gauthier 2 (Brock Boeser 22, Rasmus Dahlin 53) at 7:22
2. SEATTLE Kraken , Samuel Girard 20 (Sean Monahan 44, Jamie Drysdale 28) at 9:38
3. COLORADO Avalanche , Anze Kopitar 19 (Brenden Dillon 20) at 13:55
Sean Monahan (SEA) for Hooking (Minor) at 7:23
Brenden Dillon (COL) for Interference (Minor) at 16:02
2nd period
4. COLORADO Avalanche , Oliver Kylington 10 (Mark Pysyk 35) at 12:35 (PP)
Brenden Dillon (COL) for Roughing (Minor) at 4:06
Rasmus Dahlin (SEA) for Holding (Minor) at 8:06
Auston Matthews (SEA) for Slashing (Minor) at 12:20
3rd period
5. COLORADO Avalanche , Johnny Gaudreau 28 (Alexander Wennberg 36, Anthony Mantha 35) at 4:09
Jamie Drysdale (SEA) for Interference (Minor) at 1:31
Sean Monahan (SEA) for Interference (Minor) at 5:41
Jani Hakanpaa (SEA) for Delaying the game (Minor) at 10:23
Goalie Stats
Laurent Brossoit (COL), 30 saves from 32 shots - (0,938), W, 6-4-2, 60:00 minutes
Linus Ullmark (SEA), 22 saves from 25 shots - (0,880), L, 30-24-4, 59:19 minutes
3 StarsOfficial
1 - Samuel Girard (SEA)
2 - Johnny Gaudreau (COL)
3 - Anze Kopitar (COL)
Referees : Frederick L'Ecuyer and Dennis LaRue
Linesman : Greg Devorski and Mark Wheler
Game Note
No Game Note
Finance
Level 1 -- Attendance: 4659 (91,35%) -- Ticket Income $768,735
Level 2 -- Attendance: 3611 (72,22%) -- Ticket Income $451,375
Level 3 -- Attendance: 1488 (74,40%) -- Ticket Income $111,600
Level 4 -- Attendance: 2329 (58,23%) -- Ticket Income $139,740
Luxury Box -- Attendance: 785 (78,50%) -- Ticket Income $274,750
Game was played at the Climate Pledge Arena.
Total Attendance: 12872 (75,27%)
Total Ticket Income: $1,746,200
Other Income: $349,240
Total Income: $2,095,440



Team Name Goals Shots Shots Attemp Shots Blocked PIM HIT PP PK FO%
COLORADO Avalanche 32555154171 / 6 (17%)045%
SEATTLE Kraken 23265312160 / 2 (0%)155%

COLORADO Avalanche
Player Name POS G A P +/- PIM HIT SHT SB MP PP MP PP SHT PK MP PK SHT FO% FOT
Adam RuzickaC000-102204:480:0000:00050% 4
Alexander WennbergC0111014124:415:3412:30046% 28
Anthony ManthaLW/RW0111022022:355:3410:24050% 4
Anze KopitarC1010014019:404:3601:04048% 27
Brenden DillonD0110410111:470:0000:0000% 0
Christian DjoosD0001000325:525:1501:2800% 0
Claude GirouxC/LW/RW0000006019:404:3621:04050% 2
Gabriel VilardiC/RW0000021018:364:3610:000100% 1
Glenn GawdinC/LW000-101004:480:0000:0000% 0
Jeff Petry D0001011325:525:1511:2800% 0
Johnny GaudreauLW1011013024:415:3402:3000% 1
Luke GlendeningC/RW0000020010:270:0000:000100% 2
Mark PysykD011-1010222:134:5502:2400% 0
Martin FrkRW000-100004:540:0000:0600% 0
Maxime ComtoisLW0000011010:510:0000:2400% 0
Noah DobsonD0000000211:550:0000:0600% 0
Oliver KylingtonD101-1011122:134:5512:2400% 0
Philip TomasinoC0000000210:270:0000:00018% 11
SEATTLE Kraken
Player Name POS G A P +/- PIM HIT SHT SB MP PP MP PP SHT PK MP PK SHT FO% FOT
Alec MartinezD0000000016:460:0004:5100% 0
Alex OvechkinLW0000011016:310:0006:1110% 0
Andrei KuzmenkoLW0000002011:400:0001:2000% 0
Artemi PanarinLW000-2002116:481:1700:0000% 0
Auston MatthewsC000-2235020:282:4101:48057% 23
Brock BoeserRW011100009:080:0004:59017% 6
David PastrnakRW000-2023018:412:4100:00050% 2
Jamie DrysdaleD0111210018:282:0400:1600% 0
Jani HakanpaaD0000202012:250:1100:4900% 0
Jason RobertsonLW/RW0001005018:332:4130:00067% 3
Joe PavelskiC/LW/RW000100206:480:0002:39060% 5
Jonathan DrouinLW/RW0001010016:401:1700:000100% 1
Julien GauthierRW101100104:090:0000:0000% 0
Kris LetangD000-1033023:322:0424:3900% 0
Rasmus DahlinD011-1221024:391:5414:2900% 0
Samuel GirardD1011021224:071:4305:1600% 0
Sean MonahanC0111411020:011:1703:23063% 30
Wyatt JohnstonC0000003010:200:0000:00040% 10



Play-by-Play

1st period


0:01 of 1st period - Alexander Wennberg wins face-off versus Auston Matthews in neutral zone.
0:01 of 1st period - Alexander Wennberg is hit by David Pastrnak.
0:05 of 1st period - Shot by Johnny Gaudreau.
0:05 of 1st period - Shot Misses the Net.
0:16 of 1st period - Icing by Alexander Wennberg.
0:17 of 1st period - Alexander Wennberg wins face-off versus Sean Monahan in COLORADO Avalanche zone.
1:22 of 1st period - Shot by Claude Giroux.
1:22 of 1st period - Shot Misses the Net.
1:24 of 1st period - Shot by Claude Giroux.
1:24 of 1st period - Stopped by Linus Ullmark without a rebound.
1:25 of 1st period - Wyatt Johnston wins face-off versus Philip Tomasino in SEATTLE Kraken zone.
1:25 of 1st period - Wyatt Johnston is hit by Luke Glendening.
1:39 of 1st period - Shot by Andrei Kuzmenko.
1:39 of 1st period - Shot Blocked by Philip Tomasino.
1:41 of 1st period - Shot by Rasmus Dahlin.
1:41 of 1st period - Shot Misses the Net.
1:44 of 1st period - Wyatt Johnston is hit by Brenden Dillon and loses puck.
1:47 of 1st period - Shot by Kris Letang.
1:47 of 1st period - Stopped by Laurent Brossoit without a rebound.
1:48 of 1st period - Gabriel Vilardi wins face-off versus Auston Matthews in COLORADO Avalanche zone.
3:24 of 1st period - Icing by Andrei Kuzmenko.
3:25 of 1st period - Wyatt Johnston wins face-off versus Philip Tomasino in SEATTLE Kraken zone.
4:49 of 1st period - Shot by Auston Matthews.
4:49 of 1st period - Stopped by Laurent Brossoit without a rebound.
4:50 of 1st period - Sean Monahan wins face-off versus Anze Kopitar in COLORADO Avalanche zone.
4:56 of 1st period - Shot by Sean Monahan.
4:56 of 1st period - Stopped by Laurent Brossoit without a rebound.
4:57 of 1st period - Sean Monahan wins face-off versus Anze Kopitar in COLORADO Avalanche zone.
5:04 of 1st period - Shot by Jonathan Drouin.
5:04 of 1st period - Shot Misses the Net.
5:17 of 1st period - Icing by Samuel Girard.
5:18 of 1st period - Alexander Wennberg wins face-off versus Sean Monahan in SEATTLE Kraken zone.
5:59 of 1st period - Shot by Alexander Wennberg.
5:59 of 1st period - Stopped by Linus Ullmark without a rebound.
6:00 of 1st period - David Pastrnak wins face-off versus Anze Kopitar in SEATTLE Kraken zone.
6:29 of 1st period - David Pastrnak is hit by Oliver Kylington and loses puck.
6:44 of 1st period - Shot by Artemi Panarin.
6:44 of 1st period - Stopped by Laurent Brossoit with a rebound.
7:20 of 1st period - Shot by Brock Boeser.
7:20 of 1st period - Shot Blocked by Oliver Kylington.
7:22 of 1st period - Shot by Brock Boeser.
7:22 of 1st period - Deflect By Julien Gauthier.
7:22 of 1st period - Goal by Julien Gauthier - COLORADO Avalanche : 0 - SEATTLE Kraken : 1.
7:23 of 1st period - Alexander Wennberg wins face-off versus Sean Monahan in neutral zone.
7:23 of 1st period - Minor Penalty to Sean Monahan for Hooking.
7:24 of 1st period - Anthony Mantha wins face-off versus Brock Boeser in SEATTLE Kraken zone.
7:24 of 1st period - Jeff Petry is hit by Rasmus Dahlin and loses puck.
7:29 of 1st period - Shot by Johnny Gaudreau.
7:29 of 1st period - Shot Misses the Net.
7:35 of 1st period - Shot by Jeff Petry .
7:35 of 1st period - Stopped by Linus Ullmark without a rebound.
7:36 of 1st period - Brock Boeser wins face-off versus Alexander Wennberg in SEATTLE Kraken zone.
7:45 of 1st period - Anthony Mantha is hit by Alex Ovechkin and loses puck.
8:47 of 1st period - Shot by Claude Giroux.
8:47 of 1st period - Shot Misses the Net.
8:49 of 1st period - Shot by Claude Giroux.
8:49 of 1st period - Shot Misses the Net.
8:51 of 1st period - Shot by Gabriel Vilardi.
8:51 of 1st period - Stopped by Linus Ullmark without a rebound.
8:52 of 1st period - Alexander Wennberg wins face-off versus Joe Pavelski in SEATTLE Kraken zone.
9:30 of 1st period - Shot by Jamie Drysdale.
9:30 of 1st period - Shot Blocked by Brenden Dillon.
9:38 of 1st period - Shot by Samuel Girard.
9:38 of 1st period - Goal by Samuel Girard - COLORADO Avalanche : 0 - SEATTLE Kraken : 2.
9:39 of 1st period - Auston Matthews wins face-off versus Philip Tomasino in neutral zone.
9:44 of 1st period - Shot by David Pastrnak.
9:44 of 1st period - Stopped by Laurent Brossoit without a rebound.
9:45 of 1st period - Auston Matthews wins face-off versus Philip Tomasino in COLORADO Avalanche zone.
9:48 of 1st period - Shot by Auston Matthews.
9:48 of 1st period - Stopped by Laurent Brossoit without a rebound.
9:49 of 1st period - Luke Glendening wins face-off versus Auston Matthews in COLORADO Avalanche zone.
10:27 of 1st period - Shot by David Pastrnak.
10:27 of 1st period - Shot Misses the Net.
10:29 of 1st period - Shot by David Pastrnak.
10:29 of 1st period - Stopped by Laurent Brossoit without a rebound.
10:30 of 1st period - Sean Monahan wins face-off versus Alexander Wennberg in COLORADO Avalanche zone.
10:50 of 1st period - Shot by Alexander Wennberg.
10:50 of 1st period - Shot Blocked by Samuel Girard.
10:57 of 1st period - Icing by Samuel Girard.
10:58 of 1st period - Sean Monahan wins face-off versus Claude Giroux in SEATTLE Kraken zone.
11:13 of 1st period - Jonathan Drouin is hit by Anze Kopitar and loses puck.
11:32 of 1st period - Shot by Claude Giroux.
11:32 of 1st period - Stopped by Linus Ullmark with a rebound.
11:53 of 1st period - Sean Monahan is hit by Anthony Mantha and loses puck.
12:26 of 1st period - Icing by Jonathan Drouin.
12:27 of 1st period - Sean Monahan wins face-off versus Philip Tomasino in SEATTLE Kraken zone.
12:27 of 1st period - Sean Monahan is hit by Maxime Comtois.
12:30 of 1st period - Icing by Jamie Drysdale.
12:31 of 1st period - Sean Monahan wins face-off versus Philip Tomasino in SEATTLE Kraken zone.
12:46 of 1st period - Maxime Comtois is hit by David Pastrnak and loses puck.
13:42 of 1st period - Icing by Rasmus Dahlin.
13:43 of 1st period - Anze Kopitar wins face-off versus David Pastrnak in SEATTLE Kraken zone.
13:55 of 1st period - Shot by Anze Kopitar.
13:55 of 1st period - Goal by Anze Kopitar - COLORADO Avalanche : 1 - SEATTLE Kraken : 2.
13:56 of 1st period - Alexander Wennberg wins face-off versus Wyatt Johnston in neutral zone.
14:27 of 1st period - Shot by Andrei Kuzmenko.
14:27 of 1st period - Deflect By Alex Ovechkin.
14:27 of 1st period - Shot Misses the Net.
15:12 of 1st period - Icing by Jamie Drysdale.
15:13 of 1st period - Joe Pavelski wins face-off versus Anze Kopitar in SEATTLE Kraken zone.
15:18 of 1st period - Shot by Samuel Girard.
15:18 of 1st period - Shot Misses the Net.
15:22 of 1st period - Shot by Brock Boeser.
15:22 of 1st period - Shot Blocked by Mark Pysyk.
15:24 of 1st period - Shot by Julien Gauthier.
15:24 of 1st period - Shot Misses the Net.
15:26 of 1st period - Shot by Samuel Girard.
15:26 of 1st period - Shot Misses the Net.
15:28 of 1st period - Shot by Joe Pavelski.
15:28 of 1st period - Deflect By Brock Boeser.
15:28 of 1st period - Shot Misses the Net.
15:54 of 1st period - Shot by Anze Kopitar.
15:54 of 1st period - Stopped by Linus Ullmark without a rebound.
15:55 of 1st period - Sean Monahan wins face-off versus Adam Ruzicka in SEATTLE Kraken zone.
15:55 of 1st period - Sean Monahan is hit by Adam Ruzicka.
16:02 of 1st period - Minor Penalty to Brenden Dillon for Interference.
16:03 of 1st period - Auston Matthews wins face-off versus Alexander Wennberg in COLORADO Avalanche zone.
16:19 of 1st period - Shot by Jason Robertson.
16:19 of 1st period - Stopped by Laurent Brossoit with a rebound.
16:21 of 1st period - Shot by Auston Matthews.
16:21 of 1st period - Shot Blocked by Christian Djoos.
16:23 of 1st period - Shot by Jason Robertson.
16:23 of 1st period - Shot Misses the Net.
16:25 of 1st period - Shot by David Pastrnak.
16:25 of 1st period - Deflect By Jason Robertson.
16:25 of 1st period - Stopped by Laurent Brossoit with a rebound.
16:31 of 1st period - Shot by Jason Robertson.
16:31 of 1st period - Shot Misses the Net.
17:07 of 1st period - Mark Pysyk is hit by Jonathan Drouin and loses puck.
17:50 of 1st period - Shot by Rasmus Dahlin.
17:50 of 1st period - Stopped by Laurent Brossoit without a rebound.
17:51 of 1st period - Jason Robertson wins face-off versus Alexander Wennberg in COLORADO Avalanche zone.
18:16 of 1st period - Shot by Brenden Dillon.
18:16 of 1st period - Shot Misses the Net.
18:22 of 1st period - Alec Martinez is hit by Glenn Gawdin and loses puck.
18:45 of 1st period - Shot by Wyatt Johnston.
18:45 of 1st period - Stopped by Laurent Brossoit without a rebound.
18:46 of 1st period - Anze Kopitar wins face-off versus Sean Monahan in COLORADO Avalanche zone.
19:33 of 1st period - Icing by Rasmus Dahlin.
19:34 of 1st period - Alexander Wennberg wins face-off versus Sean Monahan in SEATTLE Kraken zone.
19:44 of 1st period - Icing by Rasmus Dahlin.
19:45 of 1st period - Sean Monahan wins face-off versus Philip Tomasino in SEATTLE Kraken zone.
19:50 of 1st period - Rasmus Dahlin is hit by Luke Glendening and loses puck.
19:57 of 1st period - Shot by Luke Glendening.
19:57 of 1st period - Shot Misses the Net.
Goals for this period are 1 for COLORADO Avalanche vs 2 for SEATTLE Kraken.
Shots for this period are 7 for COLORADO Avalanche vs 13 for SEATTLE Kraken.

2nd period


0:01 of 2nd period - Auston Matthews wins face-off versus Anthony Mantha in neutral zone.
0:32 of 2nd period - Shot by Johnny Gaudreau.
0:32 of 2nd period - Shot Misses the Net.
0:34 of 2nd period - Shot by Alexander Wennberg.
0:34 of 2nd period - Stopped by Linus Ullmark with a rebound.
1:05 of 2nd period - Brenden Dillon is hit by Auston Matthews and loses puck.
1:26 of 2nd period - Shot by Philip Tomasino.
1:26 of 2nd period - Shot Misses the Net.
3:59 of 2nd period - Icing by Samuel Girard.
4:00 of 2nd period - Joe Pavelski wins face-off versus Philip Tomasino in SEATTLE Kraken zone.
4:05 of 2nd period - Shot by Joe Pavelski.
4:05 of 2nd period - Stopped by Laurent Brossoit without a rebound.
4:06 of 2nd period - Wyatt Johnston wins face-off versus Anze Kopitar in COLORADO Avalanche zone.
4:06 of 2nd period - Minor Penalty to Brenden Dillon for Roughing.
4:07 of 2nd period - Anze Kopitar wins face-off versus Auston Matthews in COLORADO Avalanche zone.
4:36 of 2nd period - Shot by Jason Robertson.
4:36 of 2nd period - Stopped by Laurent Brossoit without a rebound.
4:37 of 2nd period - Sean Monahan wins face-off versus Anze Kopitar in COLORADO Avalanche zone.
4:46 of 2nd period - Shot by Artemi Panarin.
4:46 of 2nd period - Shot Misses the Net.
4:48 of 2nd period - Shot by Sean Monahan.
4:48 of 2nd period - Shot Blocked by Christian Djoos.
4:50 of 2nd period - Shot by Kris Letang.
4:50 of 2nd period - Stopped by Laurent Brossoit without a rebound.
4:51 of 2nd period - Jason Robertson wins face-off versus Alexander Wennberg in COLORADO Avalanche zone.
4:52 of 2nd period - Shot by Kris Letang.
4:52 of 2nd period - Stopped by Laurent Brossoit without a rebound.
4:53 of 2nd period - Auston Matthews wins face-off versus Alexander Wennberg in COLORADO Avalanche zone.
4:58 of 2nd period - Shot by David Pastrnak.
4:58 of 2nd period - Shot Misses the Net.
5:00 of 2nd period - Shot by Auston Matthews.
5:00 of 2nd period - Shot Misses the Net.
5:07 of 2nd period - Icing by Auston Matthews.
5:08 of 2nd period - Alexander Wennberg wins face-off versus Auston Matthews in SEATTLE Kraken zone.
5:58 of 2nd period - Sean Monahan is hit by Mark Pysyk and loses puck.
6:07 of 2nd period - Shot by Andrei Kuzmenko.
6:07 of 2nd period - Stopped by Laurent Brossoit with a rebound.
6:21 of 2nd period - Shot by Andrei Kuzmenko.
6:21 of 2nd period - Stopped by Laurent Brossoit with a rebound.
7:27 of 2nd period - Philip Tomasino is hit by Samuel Girard and loses puck.
7:45 of 2nd period - Icing by Samuel Girard.
7:46 of 2nd period - Adam Ruzicka wins face-off versus Joe Pavelski in SEATTLE Kraken zone.
8:01 of 2nd period - Shot by Adam Ruzicka.
8:01 of 2nd period - Stopped by Linus Ullmark with a rebound.
8:06 of 2nd period - Minor Penalty to Rasmus Dahlin for Holding.
8:07 of 2nd period - Anze Kopitar wins face-off versus Sean Monahan in SEATTLE Kraken zone.
9:56 of 2nd period - Andrei Kuzmenko is hit by Anthony Mantha and loses puck.
10:04 of 2nd period - Icing by Alexander Wennberg.
10:05 of 2nd period - Sean Monahan wins face-off versus Alexander Wennberg in COLORADO Avalanche zone.
10:19 of 2nd period - Icing by Brenden Dillon.
10:20 of 2nd period - Philip Tomasino wins face-off versus Auston Matthews in COLORADO Avalanche zone.
11:44 of 2nd period - Shot by Jason Robertson.
11:44 of 2nd period - Stopped by Laurent Brossoit without a rebound.
11:45 of 2nd period - Anthony Mantha wins face-off versus Wyatt Johnston in COLORADO Avalanche zone.
12:18 of 2nd period - Shot by Wyatt Johnston.
12:18 of 2nd period - Stopped by Laurent Brossoit without a rebound.
12:19 of 2nd period - Anze Kopitar wins face-off versus Auston Matthews in COLORADO Avalanche zone.
12:19 of 2nd period - Gabriel Vilardi is hit by Auston Matthews and loses puck.
12:20 of 2nd period - Minor Penalty to Auston Matthews for Slashing.
12:21 of 2nd period - Sean Monahan wins face-off versus Anze Kopitar in SEATTLE Kraken zone.
12:35 of 2nd period - Shot by Oliver Kylington.
12:35 of 2nd period - Goal by Oliver Kylington - COLORADO Avalanche : 2 - SEATTLE Kraken : 2.
12:36 of 2nd period - Alexander Wennberg wins face-off versus Auston Matthews in neutral zone.
12:47 of 2nd period - Shot by Anthony Mantha.
12:47 of 2nd period - Stopped by Linus Ullmark with a rebound.
12:49 of 2nd period - Shot by Johnny Gaudreau.
12:49 of 2nd period - Shot Misses the Net.
12:51 of 2nd period - Shot by Alexander Wennberg.
12:51 of 2nd period - Shot Blocked by Artemi Panarin.
12:53 of 2nd period - Shot by Alexander Wennberg.
12:53 of 2nd period - Stopped by Linus Ullmark with a rebound.
12:55 of 2nd period - Shot by Anthony Mantha.
12:55 of 2nd period - Shot Misses the Net.
13:27 of 2nd period - Icing by Rasmus Dahlin.
13:28 of 2nd period - Anze Kopitar wins face-off versus Auston Matthews in SEATTLE Kraken zone.
13:36 of 2nd period - Icing by Kris Letang.
13:37 of 2nd period - Auston Matthews wins face-off versus Anze Kopitar in SEATTLE Kraken zone.
13:37 of 2nd period - Auston Matthews is hit by Gabriel Vilardi.
13:59 of 2nd period - Shot by Gabriel Vilardi.
13:59 of 2nd period - Shot Misses the Net.
14:01 of 2nd period - Shot by Anze Kopitar.
14:01 of 2nd period - Stopped by Linus Ullmark without a rebound.
14:02 of 2nd period - Adam Ruzicka wins face-off versus Wyatt Johnston in SEATTLE Kraken zone.
14:11 of 2nd period - Shot by Martin Frk.
14:11 of 2nd period - Shot Misses the Net.
14:18 of 2nd period - Shot by Adam Ruzicka.
14:18 of 2nd period - Shot Misses the Net.
14:20 of 2nd period - Shot by Adam Ruzicka.
14:20 of 2nd period - Stopped by Linus Ullmark without a rebound.
14:21 of 2nd period - Sean Monahan wins face-off versus Alexander Wennberg in SEATTLE Kraken zone.
14:46 of 2nd period - Shot by Johnny Gaudreau.
14:46 of 2nd period - Stopped by Linus Ullmark with a rebound.
14:48 of 2nd period - Shot by Johnny Gaudreau.
14:48 of 2nd period - Shot Misses the Net.
14:50 of 2nd period - Shot by Alexander Wennberg.
14:50 of 2nd period - Deflect By Johnny Gaudreau.
14:50 of 2nd period - Shot Misses the Net.
15:16 of 2nd period - Shot by Anze Kopitar.
15:16 of 2nd period - Stopped by Linus Ullmark with a rebound.
16:10 of 2nd period - David Pastrnak is hit by Adam Ruzicka and loses puck.
16:44 of 2nd period - Off-side.
16:45 of 2nd period - Wyatt Johnston wins face-off versus Alexander Wennberg in neutral zone.
17:22 of 2nd period - Shot by Andrei Kuzmenko.
17:22 of 2nd period - Shot Misses the Net.
17:24 of 2nd period - Shot by Wyatt Johnston.
17:24 of 2nd period - Shot Blocked by Alexander Wennberg.
17:26 of 2nd period - Shot by Jani Hakanpaa.
17:26 of 2nd period - Stopped by Laurent Brossoit without a rebound.
17:27 of 2nd period - Anze Kopitar wins face-off versus Sean Monahan in COLORADO Avalanche zone.
18:38 of 2nd period - Shot by Brock Boeser.
18:38 of 2nd period - Shot Misses the Net.
19:05 of 2nd period - Icing by Christian Djoos.
19:06 of 2nd period - Auston Matthews wins face-off versus Anze Kopitar in COLORADO Avalanche zone.
19:24 of 2nd period - Off-side.
19:25 of 2nd period - Alexander Wennberg wins face-off versus Wyatt Johnston in neutral zone.
Goals for this period are 1 for COLORADO Avalanche vs 0 for SEATTLE Kraken.
Shots for this period are 9 for COLORADO Avalanche vs 9 for SEATTLE Kraken.

3rd period


0:01 of 3rd period - Auston Matthews wins face-off versus Alexander Wennberg in neutral zone.
0:01 of 3rd period - Kris Letang is hit by Johnny Gaudreau and loses puck.
0:18 of 3rd period - Shot by Auston Matthews.
0:18 of 3rd period - Shot Blocked by Christian Djoos.
0:44 of 3rd period - Shot by David Pastrnak.
0:44 of 3rd period - Shot Misses the Net.
0:46 of 3rd period - Shot by Auston Matthews.
0:46 of 3rd period - Stopped by Laurent Brossoit without a rebound.
0:47 of 3rd period - Anze Kopitar wins face-off versus Sean Monahan in COLORADO Avalanche zone.
0:49 of 3rd period - Oliver Kylington is hit by Sean Monahan and loses puck.
1:31 of 3rd period - Shot by Anze Kopitar.
1:31 of 3rd period - Deflect By Claude Giroux.
1:31 of 3rd period - Stopped by Linus Ullmark without a rebound.
1:31 of 3rd period - Minor Penalty to Jamie Drysdale for Interference.
1:32 of 3rd period - Sean Monahan wins face-off versus Alexander Wennberg in SEATTLE Kraken zone.
1:43 of 3rd period - Shot by Alex Ovechkin.
1:43 of 3rd period - Stopped by Laurent Brossoit without a rebound.
1:44 of 3rd period - Sean Monahan wins face-off versus Alexander Wennberg in COLORADO Avalanche zone.
2:14 of 3rd period - Shot by Alexander Wennberg.
2:14 of 3rd period - Shot Hit the Post.
2:16 of 3rd period - Shot by Alexander Wennberg.
2:16 of 3rd period - Shot Misses the Net.
2:40 of 3rd period - Shot by Oliver Kylington.
2:40 of 3rd period - Shot Misses the Net.
2:42 of 3rd period - Shot by Claude Giroux.
2:42 of 3rd period - Stopped by Linus Ullmark without a rebound.
2:43 of 3rd period - Anze Kopitar wins face-off versus Sean Monahan in SEATTLE Kraken zone.
2:43 of 3rd period - Anze Kopitar is hit by Kris Letang.
3:16 of 3rd period - Icing by Claude Giroux.
3:17 of 3rd period - Sean Monahan wins face-off versus Anze Kopitar in COLORADO Avalanche zone.
3:18 of 3rd period - Shot by Alex Ovechkin.
3:18 of 3rd period - Shot Blocked by Mark Pysyk.
3:21 of 3rd period - Icing by Oliver Kylington.
3:22 of 3rd period - Sean Monahan wins face-off versus Anze Kopitar in COLORADO Avalanche zone.
3:30 of 3rd period - Icing by Oliver Kylington.
3:31 of 3rd period - Auston Matthews wins face-off versus Anthony Mantha in COLORADO Avalanche zone.
3:38 of 3rd period - Shot by Artemi Panarin.
3:38 of 3rd period - Shot Blocked by Jeff Petry .
3:44 of 3rd period - Jeff Petry is hit by Auston Matthews and loses puck.
4:07 of 3rd period - Shot by Anthony Mantha.
4:07 of 3rd period - Shot Misses the Net.
4:09 of 3rd period - Shot by Alexander Wennberg.
4:09 of 3rd period - Deflect By Johnny Gaudreau.
4:09 of 3rd period - Goal by Johnny Gaudreau - COLORADO Avalanche : 3 - SEATTLE Kraken : 2.
4:10 of 3rd period - Luke Glendening wins face-off versus Wyatt Johnston in neutral zone.
4:25 of 3rd period - Shot by Wyatt Johnston.
4:25 of 3rd period - Stopped by Laurent Brossoit without a rebound.
4:26 of 3rd period - Claude Giroux wins face-off versus Jason Robertson in COLORADO Avalanche zone.
4:53 of 3rd period - Shot by Claude Giroux.
4:53 of 3rd period - Stopped by Linus Ullmark without a rebound.
4:54 of 3rd period - Auston Matthews wins face-off versus Alexander Wennberg in SEATTLE Kraken zone.
5:22 of 3rd period - Shot by Auston Matthews.
5:22 of 3rd period - Stopped by Laurent Brossoit without a rebound.
5:23 of 3rd period - Sean Monahan wins face-off versus Philip Tomasino in COLORADO Avalanche zone.
5:41 of 3rd period - Minor Penalty to Sean Monahan for Interference.
5:42 of 3rd period - Alexander Wennberg wins face-off versus Brock Boeser in SEATTLE Kraken zone.
5:47 of 3rd period - Shot by Alexander Wennberg.
5:47 of 3rd period - Stopped by Linus Ullmark with a rebound.
5:55 of 3rd period - Shot by Jeff Petry .
5:55 of 3rd period - Shot Hit the Post.
5:57 of 3rd period - Shot by Anthony Mantha.
5:57 of 3rd period - Stopped by Linus Ullmark without a rebound.
5:58 of 3rd period - Anze Kopitar wins face-off versus Brock Boeser in SEATTLE Kraken zone.
6:27 of 3rd period - Shot by Anze Kopitar.
6:27 of 3rd period - Shot Misses the Net.
6:29 of 3rd period - Shot by Oliver Kylington.
6:29 of 3rd period - Shot Misses the Net.
6:31 of 3rd period - Shot by Gabriel Vilardi.
6:31 of 3rd period - Deflect By Claude Giroux.
6:31 of 3rd period - Stopped by Linus Ullmark without a rebound.
6:32 of 3rd period - Auston Matthews wins face-off versus Johnny Gaudreau in SEATTLE Kraken zone.
6:45 of 3rd period - Icing by Christian Djoos.
6:46 of 3rd period - Alexander Wennberg wins face-off versus Brock Boeser in COLORADO Avalanche zone.
7:37 of 3rd period - Icing by Anze Kopitar.
7:38 of 3rd period - Anze Kopitar wins face-off versus Brock Boeser in COLORADO Avalanche zone.
7:50 of 3rd period - Noah Dobson is hit by Jamie Drysdale and loses puck.
7:57 of 3rd period - Shot by Maxime Comtois.
7:57 of 3rd period - Stopped by Linus Ullmark without a rebound.
7:58 of 3rd period - Auston Matthews wins face-off versus Anze Kopitar in SEATTLE Kraken zone.
8:04 of 3rd period - Off-side.
8:05 of 3rd period - Anze Kopitar wins face-off versus Auston Matthews in neutral zone.
8:44 of 3rd period - Shot by Artemi Panarin.
8:44 of 3rd period - Stopped by Laurent Brossoit without a rebound.
8:45 of 3rd period - Sean Monahan wins face-off versus Alexander Wennberg in COLORADO Avalanche zone.
9:27 of 3rd period - Shot by Anthony Mantha.
9:27 of 3rd period - Shot Misses the Net.
10:10 of 3rd period - Shot by Wyatt Johnston.
10:10 of 3rd period - Shot Blocked by Noah Dobson.
10:23 of 3rd period - Minor Penalty to Jani Hakanpaa for Delaying the game.
10:24 of 3rd period - Joe Pavelski wins face-off versus Anze Kopitar in SEATTLE Kraken zone.
10:35 of 3rd period - Off-side.
10:36 of 3rd period - Anze Kopitar wins face-off versus Sean Monahan in neutral zone.
11:52 of 3rd period - Shot by Jeff Petry .
11:52 of 3rd period - Deflect By Anthony Mantha.
11:52 of 3rd period - Shot Misses the Net.
11:56 of 3rd period - Shot by Alexander Wennberg.
11:56 of 3rd period - Shot Blocked by Samuel Girard.
11:58 of 3rd period - Shot by Anthony Mantha.
11:58 of 3rd period - Shot Misses the Net.
12:00 of 3rd period - Shot by Johnny Gaudreau.
12:00 of 3rd period - Shot Misses the Net.
12:37 of 3rd period - Shot by Auston Matthews.
12:37 of 3rd period - Shot Blocked by Noah Dobson.
12:39 of 3rd period - Shot by Jani Hakanpaa.
12:39 of 3rd period - Stopped by Laurent Brossoit with a rebound.
12:41 of 3rd period - Shot by Auston Matthews.
12:41 of 3rd period - Shot Blocked by Philip Tomasino.
13:12 of 3rd period - Philip Tomasino is hit by Kris Letang and loses puck.
13:35 of 3rd period - Glenn Gawdin is hit by Rasmus Dahlin and loses puck.
13:55 of 3rd period - Adam Ruzicka is hit by Kris Letang and loses puck.
15:28 of 3rd period - Shot by Auston Matthews.
15:28 of 3rd period - Stopped by Laurent Brossoit with a rebound.
16:16 of 3rd period - Shot by Kris Letang.
16:16 of 3rd period - Shot Misses the Net.
16:28 of 3rd period - Shot by Joe Pavelski.
16:28 of 3rd period - Stopped by Laurent Brossoit without a rebound.
16:29 of 3rd period - Sean Monahan wins face-off versus Adam Ruzicka in COLORADO Avalanche zone.
16:30 of 3rd period - Shot by Jason Robertson.
16:30 of 3rd period - Stopped by Laurent Brossoit with a rebound.
16:37 of 3rd period - Oliver Kylington is hit by Samuel Girard and loses puck.
17:31 of 3rd period - Icing by Alec Martinez.
17:32 of 3rd period - Auston Matthews wins face-off versus Anze Kopitar in SEATTLE Kraken zone.
17:47 of 3rd period - Artemi Panarin is hit by Gabriel Vilardi and loses puck.
18:00 of 3rd period - Shot by David Pastrnak.
18:00 of 3rd period - Shot Misses the Net.
18:02 of 3rd period - Shot by David Pastrnak.
18:02 of 3rd period - Shot Blocked by Jeff Petry .
18:06 of 3rd period - Shot by David Pastrnak.
18:06 of 3rd period - Deflect By Auston Matthews.
18:06 of 3rd period - Shot Blocked by Jeff Petry .
18:08 of 3rd period - Shot by David Pastrnak.
18:08 of 3rd period - Stopped by Laurent Brossoit without a rebound.
18:09 of 3rd period - Alexander Wennberg wins face-off versus Wyatt Johnston in COLORADO Avalanche zone.
18:32 of 3rd period - Shot by Johnny Gaudreau.
18:32 of 3rd period - Stopped by Linus Ullmark without a rebound.
18:33 of 3rd period - Philip Tomasino wins face-off versus Sean Monahan in SEATTLE Kraken zone.
19:08 of 3rd period - Icing by Jamie Drysdale.
19:09 of 3rd period - Jonathan Drouin wins face-off versus Alexander Wennberg in SEATTLE Kraken zone.
19:09 of 3rd period - Sean Monahan is hit by Alexander Wennberg.
19:19 of 3rd period - SEATTLE Kraken, Linus Ullmark is pulled from the net.
19:39 of 3rd period - Jason Robertson is hit by Jeff Petry and loses puck.
19:59 of 3rd period - Icing by Christian Djoos.
Goals for this period are 1 for COLORADO Avalanche vs 0 for SEATTLE Kraken.
Shots for this period are 9 for COLORADO Avalanche vs 10 for SEATTLE Kraken.